 Dungeon Crawl Stone Soup version 0.28.0-43-g3370ac3207 (webtiles) character file.

Game seed: 11649013082968123405

319 jjjjhere the Skirmisher (level 6, -2/56 HPs)
             Began as a Barachi Artificer on Mar 12, 2022.
             Was an Initiate of Nemelex Xobeh.
             Splashed by a jelly's acid (10 damage)
             ... on level 5 of the Dungeon.
             The game lasted 00:08:07 (7152 turns).

jjjjhere the Skirmisher (Barachi Artificer)         Turns: 7152, Time: 00:08:08

Health: -2/56      AC: -14   Str: 16    XL:     6   Next: 46%
Magic:  6/6        EV: 11    Int: 11    God:    Nemelex Xobeh [......]
Gold:   240        SH:  0    Dex: 12    Spells: 5/5 levels left

rFire   . . .      SeeInvis .   g - +0 short sword
rCold   . . .      Faith    .   (no shield)
rNeg    . . .      Spirit   .   A - +2 leather armour "Apsoatz" {*Corrode +Blink Will+}
rPois   +          Reflect  .   (no helmet)
rElec   .          Harm     .   (no cloak)
rCorr   .          Rampage  .   (no gloves)
Will    ++...                   (no boots)
Stlth   +.........              (no amulet)
HPRegen 0.18/turn               m - ring of poison resistance
MPRegen 0.10/turn               v - ring of willpower

@: corroded, slow
A: amphibious, slowness 1, strong legs 1, +LOS
a: Hop, Renounce Religion, Evoke Blink, Draw Escape, Draw Destruction, Draw
Summoning


You were on level 5 of the Dungeon.
You worshipped Nemelex Xobeh.
Nemelex Xobeh was noncommittal.
You visited 2 branches of the dungeon, and saw 6 of its levels.

You collected 240 gold pieces.

Inventory:

Hand Weapons
 a - a +0 club
 f - a +0 hand axe
 g - a +0 short sword (weapon)
 r - a +0 trident
 x - a +0 hand axe
Armour
 b - a +0 leather armour
 A - the +2 leather armour "Apsoatz" (worn) {*Corrode +Blink Will+}
   (You found it on level 4 of the Dungeon)

   +Blink:    It lets you blink.
   *Corrode:  It may corrode you when you take damage.
   Will:      It increases your willpower.
Jewellery
 m - a ring of poison resistance (left hand)
 v - a ring of willpower (right hand)
 y - a ring of willpower
Wands
 d - a wand of charming (22)
Scrolls
 h - a scroll of teleportation {unknown}
 j - a scroll of summoning {unknown}
 l - 2 scrolls of vulnerability {unknown}
 o - a scroll of fear {unknown}
 p - a scroll of enchant armour {unknown}
 u - 2 scrolls of fog {unknown}
 B - a scroll of identify {unknown}
Potions
 i - a potion of ambrosia {unknown}
 k - a potion of brilliance
 q - a potion of mutation {unknown}
 s - a potion of resistance {unknown}
 t - a potion of cancellation {unknown}
 w - a potion of curing {unknown}
 z - a potion of might {unknown}
Miscellaneous
 e - a piece from Xom's chessboard (1/15)


   Skills:
 + Level 7.7 Fighting
 - Level 2.4 Armour
 - Level 1.1 Dodging
 - Level 0.8 Stealth
 - Level 3.2 Evocations


You had 5 spell levels left.
You didn't know any spells.
Your spell library contained the following spells:

 Spells                   Type           Power      Damage    Failure   Level
 Apportation              Tloc           0%         N/A       38%         1
 Tukima's Dance           Hex            0%         N/A       77%         3
 Passage of Golubria      Tloc           0%         N/A       99%         4
 Alistair's Intoxication  Tmut/Pois      0%         N/A       100%        5
 Yara's Violent Unravell  Hex/Tmut       0%         3d3       100%        5
 Chain Lightning          Conj/Air       0%         N/A       100%        9
 Fire Storm               Conj/Fire      0%         5d1       100%        9
 Shatter                  Erth           0%         3d5*      100%        9


Dungeon Overview and Level Annotations

Branches:
Dungeon (5/15)             Temple (1/1) D:4

Altars:
Ashenzari
Elyvilon
Hepliaklqana
Nemelex Xobeh
Sif Muna
Trog
Vehumet
Wu Jian
Xom
Yredelemnul

Annotations:
D:4 Grinder


Innate Abilities, Weirdness & Mutations

You are amphibious.
You cover ground slowly.
You can hop short distances.
You have an extended range of vision and can be seen from far away.


Message History

You recover from your berserk rage.
You start resting.
HP restored.
Key pressed, stopping explore.
You now have 240 gold pieces (gained 7).
Found a stone staircase leading down.
A jelly comes into view.
Found 15 stones.
A jelly is nearby!
There is a stone staircase leading down here.
The jelly barely misses you.
You hit the jelly.
Your hands burn!
The jelly is moderately wounded.
The jelly closely misses you.
You hit the jelly but do no damage.
Your hands burn!
The jelly is moderately wounded.
The jelly hits you. The acid corrodes you!
You are splashed with acid!
You hit the jelly.
Your hands burn!
Your corrosive artefact corrodes you!
You punch the jelly, but do no damage.
The jelly is severely wounded.
The jelly misses you.
You hit the jelly but do no damage. The acid corrodes you!
Your hands burn!
The jelly is severely wounded.
The jelly hits you.
You are splashed with acid!
Your corrosive artefact corrodes you!
You hit the jelly but do no damage.
Your hands burn!
The jelly is severely wounded.
The jelly hits you.
* * * LOW HITPOINT WARNING * * *
The acid corrodes you!
You are splashed with acid.
* * * LOW HITPOINT WARNING * * *
You hit the jelly but do no damage.
Your hands burn!
* * * LOW HITPOINT WARNING * * *
The jelly is severely wounded.
The jelly misses you. The jelly hits you.
* * * LOW HITPOINT WARNING * * *
You are splashed with acid!
You die...
Your body disappears without a glow.

#########.#######
#.#..# #....#
###.## #.# #.#
#.# #J# #@# #.#
#.# #.# #.# #.#
#.# #.# #.#


You could see a jelly.

Vanquished Creatures
  A scorpion (D:5)
  An orc priest (D:4)
  A bullfrog skeleton (D:4)
  An iguana (D:4)
  Jessica (D:2)
  An orc wizard (D:4)
  Robin (D:2)
  A gnoll (D:1)
  2 adders (D:2)
  A worm (D:3)
  2 dart slugs (D:3)
  5 orcs
  6 bats
  6 endoplasms
  2 giant cockroaches (D:2)
  8 goblins
  6 hobgoblins
  4 kobolds
  6 quokkas
  7 ball pythons
  5 frilled lizards
  A quokka skeleton (D:4)
  4 rats
73 creatures vanquished.

Vanquished Creatures (collateral kills)
  A goblin (D:2)
  A hobgoblin (D:2)
2 creatures vanquished.

Grand Total: 75 creatures vanquished

Notes
Turn   | Place    | Note
-------+----------+-------------------------------------------
     0 | D:1      | jjjjhere the Barachi Artificer began the quest for the Orb.
     0 | D:1      | Reached XP level 1. HP: 15/15 MP: 1/1
   143 | D:1      | HP: 5/16 [quokka (2)]
   150 | D:1      | Reached skill level 2 in Fighting
   511 | D:1      | Reached skill level 3 in Fighting
   511 | D:1      | Reached XP level 2. HP: 15/24 MP: 2/2
   515 | D:1      | HP: 7/24 [ball python (2)]
   523 | D:1      | HP: 5/24 [ball python (1)]
  1062 | D:1      | Reached XP level 3. HP: 26/29 MP: 3/3
  1475 | D:1      | You fall into a shaft and drop 1 floor!
  1534 | D:2      | HP: 9/30 [poisoned by an adder]
  1968 | D:2      | Reached skill level 4 in Fighting
  2297 | D:2      | Reached XP level 4. HP: 38/38 MP: 4/4
  2340 | D:2      | Noticed Robin
  2382 | D:2      | HP: 10/38 [Robin/+0 mace (5)]
  2822 | D:2      | Noticed Jessica
  2841 | D:2      | Killed Jessica
  2842 | D:2      | Reached skill level 5 in Fighting
  3175 | D:2      | HP: 10/39 [Robin/+0 mace (7)]
  3176 | D:2      | Killed Robin
  3184 | D:2      | HP: 10/39 [kobold/+0 dagger (2)]
  3432 | D:3      | Reached XP level 5. HP: 45/45 MP: 5/5
  3903 | D:3      | HP: 14/46 [worm (6)]
  4487 | D:3      | Found a faded altar of an unknown god.
  4621 | D:4      | Noticed Grinder
  4795 | D:4      | Reached skill level 6 in Fighting
  5147 | D:4      | Identified the +2 leather armour "Apsoatz" {*Corrode +Blink
                  | Will+}
  5772 | D:4      | Found a staircase to the Ecumenical Temple.
  6240 | Temple   | Entered the Ecumenical Temple
  6366 | Temple   | Became a worshipper of Nemelex Xobeh the Trickster
  6387 | D:4      | Reached skill level 7 in Fighting
  6387 | D:4      | Reached XP level 6. HP: 39/55 MP: 6/6
  6574 | D:5      | Entered Level 5 of the Dungeon
  6781 | D:5      | HP: 14/55 [scorpion (5)]
  6783 | D:5      | HP: 5/55 [scorpion (5)]
  6788 | D:5      | HP: 4/82 [poisoned by a scorpion]
  7148 | D:5      | HP: 16/56 [jelly (3)]
  7152 | D:5      | Splashed by a jelly's acid

Illustrated notes

Levels and vault maps discovered:
D:1:      amcnicky_arrival_gap_in_the_tavern_cellar, layout_rooms,
          dk_noncrumbling_2, chequers_garden, hex_tiny,
          chequers_serial_rivers_micro_a
D:2:      layout_basic, st_stairs_1, uniq_jessica, uniq_robin
D:3:      layout_loops_ring, shapermc_ecumenical_altar_gd
D:4:      layout_loops_corners, minmay_temple_entry_mini_moons,
          minmay_misc_feat_ornament, uniq_grinder
D:5:      layout_basic
Temple:   chequers_temple_sunken

Skill      XL: |  1  2  3  4  5 |
---------------+----------------+-----
Fighting       | 3 4 5 7 |  7.7
Armour         | |  2.4
Dodging        | |  1.1
Stealth        | |  0.8
Evocations     | |  3.2

Action                   |  1- 3 |  4- 6 || total
-------------------------+-------+-------++-------
Melee: Club              |    43 |       ||    43
       Punch             |     2 |     2 ||     4
       Short sword       |    75 |   236 ||   311
 Abil: Hop               |     1 |       ||     1
Evoke: Wand              |     7 |    13 ||    20
       Piece from Xom's  |     2 |    21 ||    23
  Use: Potion            |       |     2 ||     2
 Stab: Paralysed         |     6 |     1 ||     7
       Sleeping          |     1 |     3 ||     4
       Petrified         |       |    15 ||    15
       Confused          |       |     2 ||     2
Armor: Leather armour    |    43 |    78 ||   121
Dodge: Dodged            |   102 |   113 ||   215
